 Dungeon Crawl Stone Soup version 0.29-a0-577-gafbf2c5d25 (webtiles) character file.

Game seed: 3298353579949599916

18 blackman the Sneak (level 2, 0/24 HPs)
             Began as a Human Delver on June 13, 2022.
             Was an Initiate of Trog.
             Succumbed to an adder's poison
             ... on level 3 of the Dungeon.
             The game lasted 00:05:06 (240 turns).

blackman the Sneak (Human Delver)                    Turns: 240, Time: 00:05:07

Health: 0/24       AC:  3    Str: 12    XL:     2   Next: 85%
Magic:  2/2        EV: 12    Int: 10    God:    Trog [......]
Gold:   0          SH:  0    Dex: 14    Spells: 1/1 levels left

rFire   . . .      SeeInvis .   a - +0 falchion
rCold   . . .      Faith    .   (no shield)
rNeg    . . .      Spirit   .   b - +0 leather armour
rPois   .          Reflect  .   (no helmet)
rElec   .          Harm     .   (no cloak)
rCorr   .          Rampage  .   (no gloves)
Will    .....                   (no boots)
Stlth   +++.......              (no amulet)
HPRegen 0.08/turn               (no ring)
MPRegen 0.08/turn               (no ring)

@: lethally poisoned (0 -> -1)
A: no striking features
a: Renounce Religion


You were on level 3 of the Dungeon.
You worshipped Trog.
Trog was noncommittal.
You visited 1 branch of the dungeon, and saw 3 of its levels.

Inventory:

Hand Weapons
 a - a +0 falchion (weapon)
Armour
 b - a +0 leather armour (worn)
Wands
 g - a wand of digging (1)
Scrolls
 c - a scroll of fog
 e - a scroll of fear


   Skills:
 - Level 3.0 Fighting
 + Level 3.1 Long Blades
 - Level 2.0 Dodging
 - Level 5.0 Stealth


You had one spell level left.
You didn't know any spells.
Your spell library contained the following spells:

 Spells                   Type           Power      Damage    Failure   Level
 Tukima's Dance           Hex            0%         N/A       82%         3
 Passage of Golubria      Tloc           0%         N/A       99%         4
 Yara's Violent Unravell  Hex/Tmut       0%         3d3       100%        5


Dungeon Overview and Level Annotations

Branches:
Dungeon (5/15)
 Temple: D:4-7

Altars:
Dithmenos
Trog
Uskayaw


Message History

You kill the adder!
Trog accepts your kill.
You feel sick.
You are no longer poisoned.
The adder barely misses you.
You have reached level 2!
You hit the adder but do no damage. The adder bites you.
You are poisoned.
The adder poisons you!
You hit the adder.
The adder is heavily wounded.
You feel sick. The adder closely misses you.
You hit the adder.
The adder is almost dead.
You feel sick. The adder barely misses you.
You barely miss the adder.
The adder is almost dead.
The adder closely misses you.
You hit the adder.
The adder is almost dead.
You feel sick. The adder bites you.
* * * LOW HITPOINT WARNING * * *
You hit the adder.
You kill the adder!
Trog accepts your kill.
* * * LOW HITPOINT WARNING * * *
You feel sick.
Your Long Blades skill increases to level 3!
It was a potion of cancellation.
Your magical effects are unravelling.
You feel magically purged.
You feel yourself slow down.
You don't know any spells.
Unknown command.
You don't know any spells.
As you read the scroll labelled BUGEHA VOYFU, it crumbles to dust.
You feel a surge of unholy energy.
It was a scroll of torment.
* * * LOW HITPOINT WARNING * * *
You feel sick.
You die...

#..
#..########
#....>....#
#...#######
#...# #...#
##...####
#.......#
#.#####@#
#. #.# #.
#.# #$# #..
..# ###


There were no monsters in sight!

Vanquished Creatures
  2 adders (D:3)
2 creatures vanquished.

Notes
Turn   | Place    | Note
-------+----------+-------------------------------------------
     0 | D:5      | blackman the Human Delver began the quest for the Orb.
     0 | D:5      | Reached XP level 1. HP: 18/18 MP: 1/1
    14 | D:5      | Found a shadowy altar of Dithmenos.
    27 | D:5      | Found a hide-covered altar of Uskayaw.
    50 | D:5      | Found a bloodstained altar of Trog.
    58 | D:5      | Became a worshipper of Trog the Wrathful
    98 | D:4      | Noticed an ogre
   232 | D:3      | Reached XP level 2. HP: 11/24 MP: 2/2
   239 | D:3      | HP: 1/24 [poisoned by an adder]
   240 | D:3      | Succumbed to an adder's poison

Illustrated notes

Levels and vault maps discovered:
D:3:      minmay_door_path, layout_loops_ring, roderic_serpentine_path
D:4:      layout_gridville, kennysheep_mini_moat,
          minmay_temple_entry_antechambers, uniq_robin, uniq_menkaure
D:5:      layout_basic, nicolae_uskayaw_dance_hall, lemuel_round_altar,
          general_overflow_altar, overflow_temple_1_default

Skill      XL: |  1  2 |
---------------+-------+-----
Long Blades    | 3 |  3.1
Fighting       | |  3.0
Dodging        | |  2.0
Stealth        | |  5.0

Action                   || total
-------------------------++-------
Melee: Falchion          ||    12
Evoke: Wand              ||     2
  Use: Scroll            ||     2
       Potion            ||     2
Dodge: Dodged            ||     8

Table legend: (Time is in decaauts)
 A = Elapsed time spent in this place.
 B = Non-inter-level travel time spent in this place.
 C = Inter-level travel time spent in this place.
 D = Time resting spent in this place.
 E = Time spent auto-exploring this place.
 F = Levels seen in this place.
 G = Mean time per level.
                   A        B        C        D        E       F      G
               +--------+--------+--------+--------+--------+-----+--------+
         Total |    236 |    219 |     17 |    100 |      1 |   3 |   78.7 |
       Dungeon |    236 |    219 |     17 |    100 |      1 |   3 |   78.7 |
               +--------+--------+--------+--------+--------+-----+--------+

Top non-repeatable levels by time:
     D:3: 122 daAuts
     D:5: 98 daAuts
     D:4: 16 daAuts
